 Dungeon Crawl Stone Soup version 0.31.0-11-ge490571c62 (webtiles) character file.

Game seed: 14776988398122888579

213 MiniNoises the Shooter (level 6, -1/37 HPs)
             Began as a Kobold Hunter on Jan 30, 2024.
             Killed by divine providence
             ... invoked by an orc priest
              (13 damage)
             ... on level 4 of the Dungeon.
             The game lasted 00:15:18 (3490 turns).

MiniNoises the Shooter (Kobold Hunter)              Turns: 3490, Time: 00:15:19

Health: -1/37      AC:  4    Str:  8    XL:     6   Next: 14%
Magic:  6/6        EV: 15    Int: 11    God:
Gold:   31         SH:  0    Dex: 20    Spells: 5/5 levels left

rFire   + . .        b - +0 short sword
rCold   + . .        (no shield)
rNeg    . . .        c - +0 leather armour
rPois   +            (no helmet)
rElec   +            q - +0 cloak
rCorr   +            (no gloves)
SInv    .            (no boots)
Will    .....        k - amulet of faith
Stlth   +++          i - ring of flight
HPRegen 0.26/turn    m - ring of resist corrosion
MPRegen 0.10/turn

%: faith
@: resistant, flying
A: small, no large weapons, nightstalker 3
a: no special abilities


You were on level 4 of the Dungeon.
You visited 1 branch of the dungeon, and saw 4 of its levels.

You collected 161 gold pieces.
You spent 130 gold pieces at shops.

Inventory:

Hand Weapons
 a - a +0 shortbow
 b - a +0 short sword (weapon)
Armour
 c - a +0 leather armour (worn)
 q - a +0 cloak (worn)
Jewellery
 i - a ring of flight (left hand)
 k - an amulet of faith (around neck)
 m - a ring of resist corrosion (right hand)
Talismans
 o - a beast talisman
Wands
 p - a wand of quicksilver (4)
Scrolls
 d - a scroll of butterflies
 e - 2 scrolls of teleportation
 f - a scroll of identify
 g - a scroll of noise
 l - a scroll of immolation
 n - a scroll of blinking
Potions
 h - 4 potions of curing


   Skills:
 + Level 3.0 Fighting
 + Level 2.1 Short Blades
 + Level 7.6 Ranged Weapons
 + Level 1.4 Armour
 + Level 3.0 Dodging
 + Level 1.4 Stealth


You had 5 spell levels left.
You didn't know any spells.
Your spell library was empty.

Dungeon Overview and Level Annotations

Branches:
Dungeon (4/15)
 Temple: D:4-7

Altars:
Gozag

Shops:
D:3 =[


Innate Abilities, Weirdness & Mutations

You are small and have problems with some larger weapons.
You are completely attuned to the shadows.


Message History

The orc priest closely misses you.
You hit the orc priest.
The orc priest is heavily wounded.
The orc priest calls down the wrath of Beogh upon you.
Pain shoots through your body!
You closely miss the orc priest.
The orc priest is heavily wounded.
The orc priest calls upon Beogh to heal the orc priest.
The orc priest's wounds heal themselves!
You closely miss the orc priest.
The orc priest is heavily wounded.
The orc priest calls upon Beogh to heal the orc priest.
The orc priest is healed somewhat.
You hit the orc priest but do no damage.
The orc priest is lightly wounded.
The orc priest mumbles some strange prayers to Beogh against you.
Pain shoots through your body!
You hit the orc priest.
The orc priest is heavily wounded.
The orc priest calls upon Beogh to heal the orc priest.
The orc priest is healed somewhat.
The orc priest barely misses you.
You hit the orc priest.
The orc priest is moderately wounded.
The orc priest mumbles some strange prayers to Beogh against you.
Beogh smites you!
* * * LOW HITPOINT WARNING * * *
The orc priest closely misses you.
You feel better.
The orc priest miscasts a cantrip.
You feel protected.
The orc priest hits you but does no damage.
You closely miss the orc priest.
The orc priest is moderately wounded.
The orc priest hits you with a +0 flail.
* * * LOW HITPOINT WARNING * * *
You hit the orc priest.
The orc priest is moderately wounded.
The orc priest mumbles some strange prayers to Beogh against you.
Beogh smites you!
You die...

######....######
#....###........
###)##.......#####
#....#......)##.
#.##.#..........#
#.##.##.......#.#
#....##.....#.# .
#....##.....#.#
#@#####...#.#.#
####o# ###.#.#.#
#...o# #..(..#
####.### ###.###
####.)..# #.#
.^......# #.#
.......... #.#
........#.# #.#
..?.....#.# #.#


You could see 2 orc priests.

Vanquished Creatures
  A howler monkey (D:4)
  An iguana (D:4)
  6 adders
  A ribbon worm (D:3)
  6 orcs (D:4)
  4 bats
  7 endoplasms
  6 giant cockroaches
  8 goblins
  6 hobgoblins
  6 jackals
  13 kobolds
  4 quokkas
  8 ball pythons
  2 frilled lizards
  6 rats
85 creatures vanquished.

Notes
Turn   | Place    | Note
-------+----------+-------------------------------------------
     0 | D:1      | MiniNoises the Kobold Hunter began the quest for the Orb.
     0 | D:1      | Reached XP level 1. HP: 12/12 MP: 1/1
   117 | D:1      | Reached XP level 2. HP: 11/17 MP: 2/2
   196 | D:1      | Reached skill level 6 in Ranged Weapons
   316 | D:1      | Reached XP level 3. HP: 21/21 MP: 3/3
  1855 | D:2      | Reached XP level 4. HP: 23/27 MP: 4/4
  2023 | D:3      | Found an opulent altar of Gozag.
  2238 | D:3      | Reached skill level 1 in Short Blades
  2414 | D:3      | Reached skill level 7 in Ranged Weapons
  2552 | D:3      | Found a faded altar of an unknown god.
  2676 | D:3      | Found Naqoy's Jewellery Shop.
  2698 | D:3      | Found Xyaxyroeme's Antique Armour Emporium.
  2709 | D:3      | Bought a cloak for 130 gold pieces
  2881 | D:4      | Reached XP level 5. HP: 23/31 MP: 5/5
  2969 | D:4      | Reached skill level 1 in Armour
  3385 | D:4      | Reached XP level 6. HP: 28/37 MP: 6/6
  3490 | D:4      | Killed from afar by an orc priest

Illustrated notes

Levels and vault maps discovered:
D:1:      zaba_arrival_water, layout_basic, minmay_misc_feat_square,
          minmay_indecisive_spiral
D:2:      layout_basic
D:3:      layout_loops_cross, grunt_gozag_statues, basic_ecumenical_altar,
          serial_shops, nicolae_shop_behind_doors, nicolae_square_shop
D:4:      layout_basic

Skill      XL: |  1  2  3  4  5 |
---------------+----------------+-----
Ranged Weapons | 6 7 |  7.6
Short Blades   | 1 2 |  2.1
Armour         | 1 |  1.4
Fighting       | 3 |  3.0
Dodging        | 3 |  3.0
Stealth        | |  1.4

Action                     |  1- 3 |  4- 6 || total
---------------------------+-------+-------++-------
  Melee: Short sword       |    44 |   107 ||   151
   Fire: Shortbow          |    75 |    63 ||   138
    Use: Scroll            |     2 |     5 ||     7
         Potion            |       |     2 ||     2
 Armour: Leather armour    |    31 |    54 ||    85
  Dodge: Dodged            |    50 |   102 ||   152
